 Dungeon Crawl Stone Soup version 0.28-a0-595-g9f6c0e134a (webtiles) character file.

Game seed: 7968937226237124580

24 lawman0 the Sneak (level 2, -2/18 HPs)
             Began as a Deep Elf Delver on Oct 4, 2021.
             Slain by an iguana (8 damage)
             ... on level 4 of the Dungeon.
             The game lasted 00:01:08 (484 turns).

lawman0 the Sneak (Deep Elf Delver)                  Turns: 484, Time: 00:01:09

Health: -2/18      AC:  4    Str: 14    XL:     2   Next: 79%
Magic:  4/4        EV: 12    Int: 14    God:
Gold:   28         SH:  0    Dex: 16    Spells: 1/1 levels left

rFire   . . .      SeeInvis .   h - +7 quarterstaff of Action {venom, Str+5}
rCold   . . .      Faith    .   (shield currently unavailable)
rNeg    . . .      Spirit   .   b - +0 leather armour
rPois   .          Reflect  .   (no helmet)
rElec   .          Harm     .   k - +0 cloak
rCorr   .          Rampage  .   (no gloves)
Will    .....                   (no boots)
Stlth   +++.......              (no amulet)
HPRegen 0.06/turn               (no ring)
MPRegen 0.09/turn               (no ring)

@: no status effects
A: no striking features
a: no special abilities


You were on level 4 of the Dungeon.
You visited 1 branch of the dungeon, and saw 2 of its levels.

You collected 28 gold pieces.

Inventory:

Hand Weapons
 a - a +0 short sword
 h - the +7 quarterstaff of Action (weapon) {venom, Str+5}
   (You found it on level 5 of the Dungeon)

   It poisons the flesh of those it strikes.
   Str:       It affects your strength (+5).
Armour
 b - a +0 leather armour (worn)
 k - a +0 cloak (worn)
Wands
 g - a wand of digging (3)
Scrolls
 c - a scroll of fog
 d - 3 scrolls of identify {unknown}
 e - a scroll of fear
 j - a scroll of noise {unknown}
 m - a scroll of holy word {unknown}
Potions
 f - a potion of haste
 i - a potion of mutation {unknown}
 l - a potion of might {unknown}


   Skills:
 + Level 2.6 Fighting
 + Level 2.0 Short Blades
 + Level 2.6 Dodging
 + Level 6.8 Stealth


You had one spell level left.
You didn't know any spells.
Your spell library was empty.

Dungeon Overview and Level Annotations

Branches:
Dungeon (5/15)
 Temple: D:4-7

Altars:
Elyvilon
Hepliaklqana


Message History

A hobgoblin is nearby!
The hobgoblin shouts!
The hobgoblin misses you.
An orc wizard comes into view. It is wielding a +0 dagger.
The hobgoblin hits you.
The orc wizard moves out of view.
You closely miss the hobgoblin.
The hobgoblin hits you but does no damage.
The hobgoblin hits you.
You sock the hobgoblin!
You kill the hobgoblin!
An orc wizard is nearby!
An orc wizard is nearby!
An orc wizard is nearby!
An endoplasm and an orc come into view.
The endoplasm quivers.
The endoplasm freezes you.
You are frozen.
You sock the endoplasm!
You kill the endoplasm!
An iguana comes into view.
The orc barely misses you.
You hit the orc.
The orc is severely wounded.
The orc hits you with a +0 short sword. The orc misses you.
You sock the orc!
You kill the orc!
You start resting.
An orc wizard is nearby!
You start resting.
An orc wizard is nearby!
The iguana hisses angrily.
The iguana bites you but does no damage.
You sock the iguana!
The iguana is heavily wounded.
The iguana bites you!
Ouch! That really hurt!
You hit the iguana.
The iguana is poisoned.
The iguana is almost dead.
The iguana bites you!
You die...

.....
#.....####
....
#..#.....##
...
#..#)###..##
.#
##.#...##..##
#.##...##..#
#..#....##.#
##.##....#.##
.. #...#..#
#o. ##l@..#
#. ####.# ##
.# .. ##. . .


You could see an iguana (very poisoned).

Vanquished Creatures
  2 adders (D:4)
  An orc (D:4)
  An endoplasm (D:4)
  A giant cockroach (D:4)
  A hobgoblin (D:4)
6 creatures vanquished.

Notes
Turn   | Place    | Note
-------+----------+-------------------------------------------
     0 | D:5      | lawman0 the Deep Elf Delver began the quest for the Orb.
     0 | D:5      | Reached XP level 1. HP: 13/13 MP: 3/3
    16 | D:5      | Identified the +7 quarterstaff of Action {venom, Str+5}
    52 | D:4      | Reached XP level 2. HP: 18/18 MP: 4/4
    83 | D:4      | Found a white marble altar of Elyvilon.
    84 | D:4      | Found a hazy altar of Hepliaklqana.
   484 | D:4      | Slain by an iguana

Illustrated notes

Levels and vault maps discovered:
D:4:      minmay_evil_eye, layout_basic, gammafunk_temple_overflow_pools
D:5:      layout_loops_cross, minmay_misc_feat_plants

Action                   || total
-------------------------++-------
Melee: Quarterstaff      ||    10
  Use: Scroll            ||     1
 Stab: Sleeping          ||     3
Armor: Leather armour    ||     2
Dodge: Dodged            ||     3

Table legend: (Time is in decaauts)
 A = Elapsed time spent in this place.
 B = Non-inter-level travel time spent in this place.
 C = Inter-level travel time spent in this place.
 D = Time resting spent in this place.
 E = Time spent auto-exploring this place.
 F = Levels seen in this place.
 G = Mean time per level.
                   A        B        C        D        E       F      G
               +--------+--------+--------+--------+--------+-----+--------+
         Total |    485 |    485 |      0 |    109 |    192 |   2 |  242.5 |
       Dungeon |    485 |    485 |      0 |    109 |    192 |   2 |  242.5 |
               +--------+--------+--------+--------+--------+-----+--------+

Top non-repeatable levels by time:
     D:4: 458 daAuts
     D:5: 27 daAuts
